 Dungeon Crawl Stone Soup version 0.20.0-6-gd3061e9 (webtiles) character file.

10012 grindst0ne the Protected (level 11, -2/80 HPs)
             Began as a Formicid Fighter on May 28, 2017.
             Was an Elder of Okawaru.
             Slain by a yak (8 damage)
             ... on level 1 of the Lair of Beasts.
             The game lasted 00:38:21 (13992 turns).

grindst0ne the Protected (Formicid Fighter)        Turns: 13992, Time: 00:38:22

Health: -2/80      AC: 16    Str: 28    XL:     11   Next: 85%
Magic:  16/17      EV: 17    Int: 10    God:    Okawaru [****..]
Gold:   325        SH: 18    Dex: 13    Spells: 10/10 levels left

rFire    + + .     SeeInvis +   O - +2 war axe (flame)
rCold    + + .     Gourm    .   c - +0 shield
rNeg     . . .     Faith    .   I - +0 scale mail {rF+}
rPois    +         Spirit   .   (helmet unavailable)
rElec    +         Reflect  +   (no cloak)
rCorr    +         Harm     .   g - +1 pair of gloves
MR       ++...                  a - +2 pair of boots {Fly}
Stlth    +.........             s - +4 amulet of reflection
Regen    0.3/turn               v - ring of protection from magic
MPRegen  0.2/turn               (no ring)

@: mighty, lethally poisoned (-2 -> -6), resistant, heroism, flying
A: permanent stasis, dig shafts and tunnels, four strong arms, antennae 3,
clever 1, cold resistance 1, frail 1, screaming 1, strong 1
a: Dig, Shaft Self, Heroism, Renounce Religion


You were on level 1 of the Lair of Beasts.
You worshipped Okawaru.
Okawaru was greatly pleased with you.
You were hungry.

You visited 3 branches of the dungeon, and saw 13 of its levels.
You also visited: Labyrinth.

You collected 663 gold pieces.
You spent 338 gold pieces at shops.

Inventory:

Hand Weapons
 O - a +2 war axe of flaming (weapon)
Armour
 a - a +2 pair of boots of flying (worn)
 c - a +0 shield (worn)
 g - a +1 pair of gloves (worn)
 I - a +0 scale mail of fire resistance (worn)
 P - a +2 ring mail of magic resistance
Jewellery
 s - a +4 amulet of reflection (around neck)
 v - a ring of protection from magic (left hand)
 A - an uncursed ring of protection from magic
Wands
 d - a wand of iceblast (0/15)
 p - a wand of flame (15/48)
 w - a wand of confusion (27/48)
 y - a wand of lightning (3/15)
 M - a wand of disintegration (21/24)
 N - a wand of random effects (8/48)
Scrolls
 k - a scroll of identify
 l - a scroll of random uselessness {unknown}
 m - 4 scrolls of remove curse
 q - 3 scrolls of magic mapping
 r - a scroll of silence {unknown}
 z - a scroll of recharging {unknown}
 B - a scroll of brand weapon
 C - a scroll of fog
 D - a scroll of enchant weapon
Potions
 e - a potion of magic
 o - 2 potions of cancellation
 E - a potion of brilliance
Books
 b - the Guide on the Voyage and Conjuration
   (You found it on level 7 of the Dungeon)

   Spells                             Type                      Level
   a - Shock                          Conjuration/Air              1
   b - Static Discharge               Conjuration/Air              3
   c - Iron Shot                      Conjuration/Earth            6
   d - Dispersal                      Translocation                6
 K - the Grimoire of the Supportive Mountains
   (You found it in a labyrinth)

   Spells                             Type                      Level
   a - Summon Butterflies             Summoning                    1
   b - Stone Arrow                    Conjuration/Earth            3
   c - Summon Lightning Spire         Summoning/Air                4
   d - Summon Forest                  Summoning/Translocation      5
   e - Aura of Abjuration             Summoning                    5
 L - a book of Conjurations

   Spells                             Type                      Level
   a - Magic Dart                     Conjuration                  1
   b - Searing Ray                    Conjuration                  2
   c - Dazzling Spray                 Conjuration/Hexes            3
   d - Fulminant Prism                Conjuration/Hexes            4
   e - Force Lance                    Conjuration/Translocation    4
   f - Iskenderun's Mystic Blast      Conjuration                  4
Comestibles
 f - a bread ration
 i - 11 fruits
 j - 6 meat rations
 x - 14 royal jellies


   Skills:
 + Level 9.6(14.6) Fighting
 - Level 2.0(7.0) Axes
 - Level 10.3(15.3) Armour
 - Level 7.0(12.0) Dodging
 - Level 9.5(14.5) Shields
 - Level 8.5 Evocations


You had 10 spell levels left.
You didn't know any spells.

Dungeon Overview and Level Annotations

Branches:
Dungeon (11/15)            Temple (1/1) D:4            Lair (1/6) D:10
    Orc: D:9-12

Altars:
Ashenzari
Cheibriados
Dithmenos
Elyvilon
Gozag
Hepliaklqana
Kikubaaqudgha
Makhleb
Nemelex Xobeh
Okawaru
Qazlal
Sif Muna
Trog
Uskayaw
Vehumet
Xom
Yredelemnul
Zin
The Shining One

Shops:
D:7 :   D:9 ?   D:10 [

Annotations:
D:2 exclusion: downstairs


Innate Abilities, Weirdness & Mutations

You cannot be hasted, slowed, berserked, paralysed or teleported.
You can dig through walls and to a lower floor.
Your four strong arms can wield two-handed weapons with a shield.
You have a pair of large antennae on your head. (SInv)
Your mind is acute. (Int +2)
Your flesh is cold resistant. (rC+)
You are frail. (-10% HP)
You occasionally shout uncontrollably at your foes.
Your muscles are strong. (Str +2)


Message History

You feel very mighty all of a sudden.
You feel sick. You block the spiny frog's attack.
You slice the spiny frog!! You burn the spiny frog.
You kill the spiny frog!
Okawaru accepts your kill.
You feel sick.
You hear a bellow!
You extend your mandibles.
You dig through the rock wall.
You feel sick.
You retract your mandibles.
You slice the yak!! You burn the yak!
The yak is severely wounded.
You feel sick. You block the yak's attack.
You slice the yak!! You burn the yak.
You kill the yak!
Okawaru accepts your kill.
You feel sick.
You barely miss the yak.
You feel sick. The yak gores you but does no damage.
Your scale mail prevents you from hitting the yak.
You feel sick. The yak gores you!
You die...

..#.#.#....#.....#.....#,,,,,,***
.#.#............Y#......,,,,,,,,*
#.#.#......#.....#,,,,,*,,,,,,,,,
.#...#..##.#.....####.#..,,,,,,,,
#.#...#.........{{.......,,,,,,,,
.#.....#######{##{#######******,*
#.#.#.#,,* ###†## *** ,*,*,*,***
##Y# ***,*,,* #@## * ****** ### *


You could see a yak.

Vanquished Creatures
  A minotaur (Lab)
  A two-headed ogre (D:8)
  A spiny frog (Lair:1)
  A troll (D:9)
  A hippogriff (D:9)
  Grinder (D:6)
  8 yaks (Lair:1)
  A wraith (D:10)
  2 wyverns (D:9)
  2 steam dragons (D:7)
  A hungry ghost (D:11)
  Menkaure (D:6)
  Edmund (D:6)
  2 soldier ants (D:9)
  A water moccasin (Lair:1)
  An orc warrior (D:7)
  2 sky beasts
  5 ice beasts
  A necrophage (D:7)
  A phantom (D:7)
  3 ogres
  An eye of draining (D:10)
  2 centaurs
  9 wolves
  A crocodile (Lair:1)
  A wyvern zombie (D:9)
  A big kobold (D:10)
  3 bullfrogs
  2 scorpions
  8 wights
  An electric eel (D:10)
  6 crimson imps
  2 bullfrog zombies
  2 centaur zombies
  3 jellies
  6 orc priests
  4 bullfrog skeletons
  10 hounds
  An iguana (D:9)
  7 orc wizards
  10 worker ants
  3 hound zombies
  A hound skeleton (D:8)
  9 gnolls
  16 adders
  4 river rats (D:7)
  3 shadow imps
  2 oozes
  6 worms
  3 dart slugs
  5 leopard geckos
  22 orcs
  5 bats
  5 giant cockroaches
  5 goblins
  8 hobgoblins
  9 jackals
  2 quokkas
  2 ball pythons (D:3)
  7 frilled lizards
  10 kobolds
  A leopard gecko skeleton (D:6)
  24 rats
  3 plants (D:7)
273 creatures vanquished.

Vanquished Creatures (others)
  3 centaurs
  5 fungi (D:5)
  6 plants (D:7)
14 creatures vanquished.

Grand Total: 287 creatures vanquished

Notes
Turn   | Place    | Note
-------+----------+-------------------------------------------
     0 | D:1      | grindst0ne the Formicid Fighter began the quest for the Orb.
     0 | D:1      | Reached XP level 1. HP: 18/18 MP: 1/1
   140 | D:1      | Reached XP level 2. HP: 25/25 MP: 2/2
   397 | D:1      | Reached XP level 3. HP: 30/30 MP: 3/3
   915 | D:2      | Reached skill level 1 in Dodging
   981 | D:2      | Reached XP level 4. HP: 31/38 MP: 4/4
  1196 | D:2      | Reached skill level 5 in Fighting
  1396 | D:2      | Reached XP level 5. HP: 33/44 MP: 5/5
  1582 | D:2      | Reached skill level 5 in Shields
  2052 | D:3      | Found an opulent altar of Gozag.
  2083 | D:3      | Reached XP level 6. HP: 51/51 MP: 6/6
  2238 | D:3      | Found a sparkling altar of Nemelex Xobeh.
  2404 | D:3      | Found a radiant altar of Vehumet.
  2984 | D:4      | Reached XP level 7. HP: 28/56 MP: 7/7
  3038 | D:4      | HP: 2/56 [poisoned by an orc]
  3640 | D:4      | Found a burning altar of Makhleb.
  3738 | D:4      | Found a staircase to the Ecumenical Temple.
  3903 | D:5      | Entered Level 5 of the Dungeon
  4083 | D:5      | Reached XP level 8. HP: 46/62 MP: 8/8
  4217 | D:5      | Reached skill level 4 in Armour
  4301 | D:5      | Reached skill level 5 in Armour
  4926 | D:5      | Reached skill level 6 in Armour
  5051 | D:5      | Found a shadowy altar of Dithmenos.
  5067 | D:5      | Found a glowing golden altar of the Shining One.
  5304 | D:6      | Gained mutation: You occasionally shout uncontrollably at your foes. [potion of mutation]
  5304 | D:6      | Gained mutation: You possess an exceptional clarity of mind. [potion of mutation]
  5404 | D:6      | Reached skill level 7 in Armour
  5548 | D:6      | Found a snail-covered altar of Cheibriados.
  5615 | D:6      | Noticed Edmund
  5643 | D:6      | Killed Edmund
  5643 | D:6      | Reached XP level 9. HP: 50/68 MP: 9/9
  5644 | D:6      | Noticed Menkaure
  5662 | D:6      | Reached skill level 8 in Armour
  5667 | D:6      | Killed Menkaure
  5880 | D:6      | Reached skill level 9 in Armour
  6369 | D:6      | Noticed Grinder
  6409 | D:6      | Killed Grinder
  6409 | D:6      | Reached skill level 10 in Armour
  6727 | Temple   | Entered the Ecumenical Temple
  6947 | Temple   | Became a worshipper of Warmaster Okawaru
  6971 | D:4      | Reached skill level 1 in Evocations
  7410 | D:7      | Found a glowing golden altar of the Shining One.
  7428 | D:7      | Reached XP level 10. HP: 74/74 MP: 13/13
  7440 | D:7      | Reached * piety under Okawaru
  7623 | D:7      | Identified the Guide on the Voyage and Conjuration
  7742 | D:7      | Reached skill level 5 in Evocations
  8357 | D:7      | Found Zoidghy's Book Emporium.
  8675 | D:8      | Found a stormy altar of Qazlal.
  8996 | D:8      | You fall through a shaft for 3 floors!
  9103 | D:10     | Entered Level 10 of the Dungeon
  9336 | D:8      | Gained mutation: Your muscles are strong. (Str +2) [mutagenic meat]
  9337 | D:8      | Gained mutation: You are frail. (-10% HP) [mutagenic meat]
  9338 | D:8      | Gained mutation: Your flesh is cold resistant. (rC+) [mutagenic meat]
  9339 | D:8      | Lost mutation: You possess an exceptional clarity of mind. [mutagenic meat]
  9340 | D:8      | Gained mutation: Your mind is acute. (Int +2) [mutagenic meat]
  9383 | D:8      | Found a basalt altar of Yredelemnul.
  9385 | D:8      | Noticed a two-headed ogre
  9404 | D:8      | Killed a two-headed ogre
  9404 | D:8      | Reached ** piety under Okawaru
  9912 | D:9      | Found a deep blue altar of Sif Muna.
 10136 | D:9      | Found Gys Hali's Magic Scroll Emporium.
 10140 | D:9      | Bought a scroll of brand weapon for 260 gold pieces
 10140 | D:9      | Bought a scroll of fog for 26 gold pieces
 10140 | D:9      | Bought a scroll of identify for 26 gold pieces
 10140 | D:9      | Bought a scroll of identify for 26 gold pieces
 10421 | D:9      | Reached XP level 11. HP: 72/77 MP: 17/17
 10699 | D:9      | Found a hazy altar of Hepliaklqana.
 10806 | D:10     | Found Jifathok's Armour Boutique.
 10820 | D:9      | Reached *** piety under Okawaru
 11049 | D:9      | Identified a scroll of acquirement
 11337 | D:10     | Found a staircase to the Lair.
 11799 | D:10     | Reached skill level 5 in Dodging
 12698 | Lair:1   | Entered Level 1 of the Lair of Beasts
 12850 | Lair:1   | Found a labyrinth entrance.
 12869 | Lab      | Entered a labyrinth
 13171 | Lab      | Noticed a minotaur
 13183 | Lab      | Killed a minotaur
 13183 | Lab      | Reached **** piety under Okawaru
 13186 | Lab      | Got a jade-encrusted leather armour
 13344 | Lab      | Identified the cursed +0 leather armour of Tyvoore {+Inv Regen+ Int-2 Dex+5} (You took it off a minotaur in a labyrinth)
 13351 | Lab      | Identified the Grimoire of the Supportive Mountains
 13992 | Lair:1   | Slain by a yak

Skill      XL: |  1  2  3  4  5  6  7  8  9 10 11 |
---------------+----------------------------------+-----
Fighting       | 4 5 8 9 |  9.6
Dodging        | 1 7 |  7.0
Shields        | 4 5 7 9 |  9.5
Armour         | 7 10 | 10.3
Evocations     | 4 8 |  8.5
Axes           | |  2.0

Action                   |  1- 3 |  4- 6 |  7- 9 | 10-12 || total
-------------------------+-------+-------+-------+-------++-------
Melee: War axe           |    86 |   254 |   357 |   716 ||  1413
Invok: Heroism           |       |       |       |     1 ||     1
 Abil: Dig               |       |     6 |    18 |    10 ||    34
Evoke: Wand              |       |       |     4 |    10 ||    14
  Use: Scroll            |       |    10 |     2 |    15 ||    27
       Potion            |       |     2 |     9 |     4 ||    15
 Stab: Confused          |       |       |       |     1 ||     1
  Eat: Chunk             |       |     7 |     5 |    16 ||    28
       Bread ration      |       |       |     3 |     2 ||     5
       Meat ration       |       |       |       |     3 ||     3
       Fruit             |       |       |       |     1 ||     1
Armor: Scale mail        |    44 |    95 |     4 |    42 ||   185
       Chain mail        |       |       |   122 |   226 ||   348
Dodge: Dodged            |    25 |    75 |    85 |   247 ||   432
Block: Shield            |    61 |   150 |   308 |   629 ||  1148
       Reflection        |       |       |    14 |     4 ||    18
